 Dungeon Crawl Stone Soup version 0.26-a0-774-g1415c89e12 (webtiles) character file.

Game seed: 247148795748983909

59 Chiseanne the Magician (level 3, -3/24 HPs)
             Began as a Demonspawn Hedge Wizard on Nov 9, 2020.
             Slain by a scorpion (5 damage)
             ... on level 3 of the Dungeon.
             The game lasted 00:01:47 (1812 turns).

Chiseanne the Magician (Demonspawn Hedge Wizard)    Turns: 1812, Time: 00:01:48

Health: -3/24      AC:  3    Str: 10    XL:     3   Next: 78%
Magic:  1/8        EV: 12    Int: 16    God:
Gold:   93         SH:  0    Dex: 12    Spells: 8/9 levels left

rFire    . . .     SeeInvis .   a - +2 short sword (freeze)
rCold    + . .     Faith    .   (no shield)
rNeg     . . .     Spirit   .   b - +0 robe
rPois    .         Reflect  .   c - +0 hat
rElec    .         Harm     .   (no cloak)
rCorr    .         Rampage  .   k - +0 pair of gloves
MR       .....                  (no boots)
Stlth    ++........             (no amulet)
HPRegen  0.08/turn              (no ring)
MPRegen  0.11/turn              (no ring)

@: lethally poisoned (-3 -> -16), very slightly contaminated
A: cold resistance 1
a: no special abilities


You were on level 3 of the Dungeon.
You visited 1 branch of the dungeon, and saw 3 of its levels.

You collected 93 gold pieces.

Inventory:

Hand Weapons
 a - a +2 short sword of freezing (weapon)
Missiles
 e - 102 stones (quivered)
 j - 2 javelins
 l - 7 curare-tipped darts
 m - 4 poisoned darts
Armour
 b - a +0 robe (worn)
 c - a +0 hat (worn)
 k - a +0 pair of gloves (worn)
Jewellery
 g - an uncursed amulet of reflection
 o - a +4 ring of slaying {unknown}
Scrolls
 d - 4 scrolls of noise {unknown}
 f - a scroll of amnesia {unknown}
 h - a scroll of teleportation {unknown}
 n - a scroll of fog {unknown}
 p - 4 scrolls of identify {unknown}
Potions
 i - a potion of mutation {unknown}


   Skills:
 - Level 1.7 Dodging
 - Level 1.7 Stealth
 * Level 3.8 Spellcasting
 * Level 2.6 Conjurations
   Level 1.0 Summonings
   Level 0.8 Translocations


You had 8 spell levels left.
You knew the following spells:

 Your Spells              Type           Power        Failure   Level
a - Magic Dart            Conj           ##..         6%          1

Your spell library contained the following spells:

 Spells                   Type           Power        Failure   Level
 Call Imp                 Summ           #.......     17%         2
 Blink                    Tloc           N/A          19%         2
 Slow                     Hex            #.......     26%         2
 Conjure Flame            Conj/Fire      #.......     30%         3
 Mephitic Cloud           Conj/Pois/Air  #.......     34%         3


Dungeon Overview and Level Annotations

Branches:
Dungeon (3/15)

Altars:

Annotations:
D:2 Terence


Innate Abilities, Weirdness & Mutations

Your flesh is cold resistant. (rC+)


Message History

Confirm with . or Enter, or press ? or * to list all spells.
You don't have enough magic to cast that spell.
Casting: Magic Dart (safe; 6% risk of failure)
Confirm with . or Enter, or press ? or * to list all spells.
You don't have enough magic to cast that spell.
Casting: Magic Dart (safe; 6% risk of failure)
Confirm with . or Enter, or press ? or * to list all spells.
You don't have enough magic to cast that spell.
Casting: Magic Dart (safe; 6% risk of failure)
Confirm with . or Enter, or press ? or * to list all spells.
You don't have enough magic to cast that spell.
You barely miss the scorpion.
The scorpion is severely wounded.
You feel sick. The scorpion stings you.
* * * LOW HITPOINT WARNING * * *
You hit the scorpion. You freeze the scorpion.
The scorpion is almost dead.
* * * LOW HITPOINT WARNING * * *
You feel sick. The scorpion stings you.
You die...

#.##....####..........
#....................#
####...#### #..##....#
#...# #.. #....# #...#
#. ......#
#######...######
#.......
#...............
#.....#.
..†..............
...... .
#[.......@s...... .
..####.#...#.#### . .
#.#...#.# . #.#...# #
# #.#...# #.#...#
..... ...##


You could see a scorpion.

Vanquished Creatures
  Jessica (D:2)
  A worm (D:2)
  A dart slug (D:1)
  A giant cockroach (D:3)
  4 goblins
  2 hobgoblins (D:1)
  8 kobolds
  A bat (D:1)
  6 frilled lizards
  3 rats (D:1)
28 creatures vanquished.

Notes
Turn   | Place    | Note
-------+----------+-------------------------------------------
     0 | D:1      | Chiseanne the Demonspawn Hedge Wizard began the quest for
                  | the Orb.
     0 | D:1      | Reached XP level 1. HP: 13/13 MP: 4/4
   184 | D:1      | Gained mutation: Your flesh is cold resistant. (rC+)
                  | [demonic ancestry]
   184 | D:1      | Reached XP level 2. HP: 7/19 MP: 0/6
   980 | D:2      | Noticed Jessica
   985 | D:2      | Killed Jessica
   985 | D:2      | Reached XP level 3. HP: 24/24 MP: 1/8
  1442 | D:2      | Noticed Terence
  1802 | D:3      | Noticed a scorpion
  1812 | D:3      | Slain by a scorpion

Illustrated notes

Levels and vault maps discovered:
D:1:      psy_arrival_conway, layout_rooms
D:2:      layout_loops_corners, uniq_jessica, uniq_terence
D:3:      layout_loops_cross, grunt_temple_overflow_lords_of_destruction

Skill      XL: |  1  2 |
---------------+-------+-----
Conjurations   | 2 |  2.6
Dodging        | |  1.7
Stealth        | |  1.7
Spellcasting   | |  3.8
Summonings     | |  1.0
Translocations | |  0.8

Action                   || total
-------------------------++-------
Melee: Dagger            ||     9
       Short sword       ||    10
 Cast: Magic Dart        ||    69
Armor: Robe              ||     3
Dodge: Dodged            ||    11

Table legend: (Time is in decaauts)
 A = Elapsed time spent in this place.
 B = Non-inter-level travel time spent in this place.
 C = Inter-level travel time spent in this place.
 D = Time resting spent in this place.
 E = Time spent auto-exploring this place.
 F = Levels seen in this place.
 G = Mean time per level.
                   A        B        C        D        E       F      G
               +--------+--------+--------+--------+--------+-----+--------+
         Total |   1815 |   1815 |      0 |    933 |    695 |   3 |  605.0 |
       Dungeon |   1815 |   1815 |      0 |    933 |    695 |   3 |  605.0 |
               +--------+--------+--------+--------+--------+-----+--------+

Top non-repeatable levels by time:
     D:1: 983 daAuts
     D:2: 474 daAuts
     D:3: 357 daAuts
